 Dungeon Crawl Stone Soup version 0.21-a0-227-g58a7c62 (webtiles) character file.

163 Chiseanne the Chopper (level 5, -11/44 HPs)
             Began as a Ghoul Wanderer on Aug 31, 2017.
             Was a Follower of Uskayaw.
             Mangled by an ogre
             ... wielding a +0 giant spiked club
              (22 damage)
             ... on level 4 of the Dungeon.
             The game lasted 00:06:53 (2875 turns).

Chiseanne the Chopper (Ghoul Wanderer)              Turns: 2875, Time: 00:06:54

Health: -11/44     AC:  9    Str: 17      XL:     5   Next: 44%
Magic:  4/4        EV:  3    Int:  3 (5)  God:    Uskayaw [*.....]
Gold:   88         SH: 12    Dex:  9 (10) Spells: 4/4 levels left

rFire    + . .     SeeInvis .   w - +0 hand crossbow
rCold    + . .     Gourm    .   i - +0 large shield
rNeg     + + +     Faith    .   h - +1 chain mail {rF+}
rPois    ∞         Spirit   .   (no helmet)
rElec    .         Reflect  .   (no cloak)
rCorr    .         Harm     .   (no gloves)
MR       .....                  (no boots)
Stlth    ..........             (no amulet)
HPRegen  0.00/turn              (no ring)
MPRegen  0.09/turn              (no ring)

@: rotting
A: rotting body, claws 1, carnivore 3, cold resistance 1, negative energy
resistance 3, inhibited regeneration, torment resistance, unbreathing
a: Stomp, Renounce Religion


You were on level 4 of the Dungeon.
You worshipped Uskayaw.
Uskayaw was noncommittal.
You were not hungry.

You visited 1 branch of the dungeon, and saw 4 of its levels.

You collected 88 gold pieces.

Inventory:

Hand Weapons
 a - a +2 dagger
 e - a +0 blowgun
 w - a +0 hand crossbow (weapon)
Missiles
 d - 53 bolts (quivered)
 f - 58 stones
 j - 25 arrows
 n - 16 poisoned needles
 p - 12 sling bullets
 r - 3 tomahawks
Armour
 h - a +1 chain mail of fire resistance (worn)
 i - a +0 large shield (worn)
Wands
 l - a wand of paralysis (0/24)
 u - a wand of acid (9/15)
Scrolls
 b - a scroll of blinking
 c - 2 scrolls of identify
 m - 3 scrolls of remove curse
 q - a scroll of amnesia
 t - 3 scrolls of teleportation
Potions
 k - a potion of flight
Comestibles
 g - 5 meat rations
 o - 2 chunks of flesh


   Skills:
 * Level 2.8 Fighting
 - Level 0.5 Short Blades
   Level 3.6 Axes
   Level 1.7 Bows
 - Level 0.6 Crossbows
 * Level 2.1 Armour
 * Level 2.0 Dodging
 - Level 2.1 Stealth
 * Level 1.9 Shields


You had 4 spell levels left.
You didn't know any spells.

Dungeon Overview and Level Annotations

Branches:
Dungeon (4/15)
 Temple: D:4-7

Altars:
Ashenzari
Kikubaaqudgha
Uskayaw


Innate Abilities, Weirdness & Mutations

Your body is rotting away.
You thrive on raw meat.
You are immune to poison.
You have sharp fingernails.
You are carnivorous and can eat meat at any time.
Your flesh is cold resistant. (rC+)
You are immune to negative energy. (rN+++)
You do not regenerate when monsters are visible.
You are immune to unholy pain and torment.
You can survive without breathing.


Message History

Press: ? - help, Shift-Dir - straight line, f - ogre
Aim: an ogre, wielding a giant spiked club You shoot a bolt.
The bolt hits the ogre.
The ogre is lightly wounded.
Firing (i - inventory. (,) - cycle):
d - 55 bolts (quivered)
Press: ? - help, Shift-Dir - straight line, f/p - ogre
Aim: an ogre, wielding a giant spiked club (lightly wounded)
You shoot a bolt. The bolt hits the ogre!
The ogre is moderately wounded.
The ogre hits you with a giant spiked club!!
Ouch! That really hurt!
* * * LOW HITPOINT WARNING * * *
Firing (i - inventory. (,) - cycle):
d - 54 bolts (quivered)
Press: ? - help, Shift-Dir - straight line, f/p - ogre
Aim: an ogre, wielding a giant spiked club (moderately wounded)
You shoot a bolt. The bolt hits the ogre!
The ogre is severely wounded.
The ogre hits you with a giant spiked club!!
Ouch! That really hurt!
You die...

####+######
#.........############
#.........'(..O@.....#
#.........##########.####
#......O§§# #.#<.#
#.....§§§§# #.#.##
#.[...§§§§# #.#.#
#....§§§§§# #.#.#
..##.§§§.§§# #.#.# ..
#§§§.§§.# #.#.##
#).§....# #....#


You could see an ogre.

Vanquished Creatures
  Jessica (D:3)
  Ijyb (D:3)
  A worker ant (D:4)
  2 adders (D:3)
  3 worms
  3 dart slugs
  2 leopard geckos
  7 bats
  5 giant cockroaches
  4 goblins
  8 hobgoblins
  8 kobolds
  2 frilled lizards (D:2)
  6 rats
53 creatures vanquished.

Notes
Turn   | Place    | Note
-------+----------+-------------------------------------------
     0 | D:1      | Chiseanne the Ghoul Wanderer began the quest for the Orb.
     0 | D:1      | Chiseanne set off with: a +2 dagger, a scroll of blinking, a +0 hand crossbow, 27 bolts, a scroll of teleportation, a +0 robe, a meat ration
     0 | D:1      | Reached XP level 1. HP: 16/16 MP: 0/0
   145 | D:1      | Reached XP level 2. HP: 22/23 MP: 1/1
   246 | D:1      | Reached skill level 1 in Dodging
   893 | D:2      | Found a hide-covered altar of Uskayaw.
   895 | D:2      | Noticed a dagger
   898 | D:2      | Noticed a hand axe
   928 | D:2      | Became a worshipper of Uskayaw the Reveler
   989 | D:2      | Reached XP level 3. HP: 29/29 MP: 2/2
  1057 | D:2      | Reached * piety under Uskayaw
  1235 | D:2      | Found a shattered altar of Ashenzari.
  1471 | D:2      | Found an ancient bone altar of Kikubaaqudgha.
  1585 | D:3      | Reached skill level 1 in Shields
  1646 | D:3      | Found a faded altar of an unknown god.
  1890 | D:3      | Reached ** piety under Uskayaw
  1891 | D:3      | Reached XP level 4. HP: 25/36 MP: 3/3
  1969 | D:3      | Noticed Ijyb
  1994 | D:3      | Paralysed by Ijyb for 6 turns
  2002 | D:3      | Paralysed by Ijyb for 7 turns
  2011 | D:3      | Paralysed by Ijyb for 7 turns
  2026 | D:3      | Paralysed by Ijyb for 7 turns
  2122 | D:3      | Killed Ijyb
  2298 | D:3      | Noticed Jessica
  2313 | D:3      | Killed Jessica
  2313 | D:3      | Reached XP level 5. HP: 42/42 MP: 4/4
  2857 | D:4      | Noticed an ogre
  2875 | D:4      | Mangled by an ogre

Vault maps used:
D:1:      lemuel_arrival_broad_hall
D:2:      dancing_weapons_uskayaw, kiku_gazebo_pond_becter,
          nicolae_overflow_hidden_temple
D:3:      chequers_ecumenical_altar_lobes, first_bread, uniq_jessica, uniq_ijyb
D:4:      elyvilon_altar_3

Skill      XL: |  1  2  3  4  5 |
---------------+----------------+-----
Dodging        | 1 2 |  2.0
Fighting       | 2 |  2.8
Shields        | 1 |  1.9
Armour         | 2 |  2.1
Short Blades   | |  0.5
Axes           | |  3.6
Bows           | |  1.7
Crossbows      | |  0.6
Stealth        | |  2.1

Action                   |  1- 3 |  4- 6 || total
-------------------------+-------+-------++-------
Melee: Dagger            |   159 |   154 ||   313
 Fire: Hand crossbow     |    16 |    15 ||    31
  Use: Potion            |       |     3 ||     3
       Scroll            |       |     4 ||     4
  Eat: Chunk             |     5 |     6 ||    11
Armor: Robe              |     3 |       ||     3
       Ring mail         |    10 |       ||    10
       Scale mail        |    51 |    45 ||    96
       Chain mail        |       |    16 ||    16
Dodge: Dodged            |    48 |    28 ||    76
Block: Large shield      |    75 |    74 ||   149

Table legend:
 A = Spawn XP
 B = Non-spawn XP
 C = Spawn XP percentage of total XP
 D = Spawn monster count
 E = Non-spawn monster count
 F = Spawn count percentage of total count
 G = Total turns spent on level
                    A         B        C        D         E        F      G
               +---------+---------+-------+---------+---------+-------+---------
         Total |       7 |     227 |   3.0 |       2 |      51 |   3.8 |  2875
               +---------+---------+-------+---------+---------+-------+---------
           D:1 |       5 |      24 |  17.2 |       1 |      12 |   7.7 |   879
           D:2 |       0 |      33 |   0.0 |       0 |      19 |   0.0 |   713
           D:3 |       2 |     136 |   1.4 |       1 |      19 |   5.0 |  1209
           D:4 |       0 |      34 |   0.0 |       0 |       1 |   0.0 |    74
               +---------+---------+-------+---------+---------+-------+---------
